 Dungeon Crawl Stone Soup version 0.29.0-4-gdea44cf6ec (webtiles) character file.

Game seed: 11026640590018214706

11 qw the Chopper (level 2, 0/17 HPs)
             Began as a Tengu Warper on Aug 28, 2022.
             Slain by a frilled lizard (1 damage)
             ... on level 1 of the Dungeon.
             The game lasted 00:00:01 (303 turns).

qw the Chopper (Tengu Warper)                        Turns: 303, Time: 00:00:01

Health: 0/17       AC:  3    Str: 11    XL:     2   Next: 25%
Magic:  6/6        EV: 11    Int: 13    God:
Gold:   1          SH:  0    Dex: 13    Spells: 5/5 levels left

rFire   . . .      SeeInvis .   a - +0 hand axe
rCold   . . .      Faith    .   (no shield)
rNeg    . . .      Spirit   .   b - +0 leather armour
rPois   .          Reflect  .   (helmet restricted)
rElec   .          Harm     .   (no cloak)
rCorr   .          Rampage  .   (no gloves)
Will    .....                   (boots unavailable)
Stlth   +.........              (no amulet)
HPRegen 0.05/turn               (no ring)
MPRegen 0.10/turn               (no ring)

@: no status effects
A: beak, talons 3
a: no special abilities


You were on level 1 of the Dungeon.
You visited 1 branch of the dungeon, and saw 1 of its levels.

You collected 1 gold pieces.


Innate Abilities, Weirdness & Mutations

You have a beak for a mouth.
You have claws for feet.


   Skills:
 - Level 2.0 Fighting
 + Level 3.2 Axes
 - Level 1.0 Throwing
 - Level 1.1 Armour
 - Level 2.1 Dodging
 - Level 2.0 Spellcasting
 - Level 2.4 Translocations


You had 5 spell levels left.
You didn't know any spells.
Your spell library contained the following spells:

 Spells                   Type           Power      Damage    Failure   Level
 Blink                    Tloc           14%        N/A       19%         2
 Gell's Gravitas          Tloc           7%         N/A       36%         3
 Lesser Beckoning         Tloc           7%         N/A       36%         3
 Teleport Other           Tloc           7%         N/A       36%         3
 Manifold Assault         Tloc           7%         N/A       98%         5

Inventory:

Hand Weapons
 a - a +0 hand axe (weapon)
Missiles
 d - a boomerang of dispersal (quivered)
Armour
 b - a +0 leather armour (worn)
Scrolls
 c - a scroll of blinking

Dungeon Overview and Level Annotations

Branches:
Dungeon (1/15)

Altars:


Message History

You hit the quokka.
You kill the quokka!
A hobgoblin comes into view.
A kobold comes into view. It is wielding a +0 short sword.
Your Axes skill increases to level 3!
You have reached level 2!
The hobgoblin shouts!
The kobold shouts!
You hear an angry hiss.
You barely miss the kobold. Your kick misses the kobold.
You peck the kobold, but do no damage. The kobold hits you with a +0 whip.
You barely miss the kobold. Your kick misses the kobold.
Your peck misses the kobold.
A ball python comes into view.
The kobold hits you with a +0 whip.
The ball python hisses angrily.
You hit the kobold.
The kobold is moderately wounded.
You hit the rat.
You kill the rat!
The kobold closely misses you.
You barely miss the kobold. Your kick misses the kobold.
The kobold is moderately wounded.
The kobold hits you with a +0 whip.
You hit the kobold. You claw the kobold.
You kill the kobold!
You closely miss the kobold. The kobold hits you but does no damage.
A frilled lizard comes into view.
The frilled lizard hisses angrily.
You hit the kobold.
You kill the kobold!
You closely miss the frilled lizard. The frilled lizard bites you.
You closely miss the frilled lizard.
The frilled lizard bites you but does no damage.
The frilled lizard bites you.
You hit the ball python.
You kill the ball python!
You closely miss the frilled lizard. The frilled lizard bites you.
You die...

..##..# #..#
......# #.##
..##..# #.#
..##..### # #.#
..##....# #.#.#
.....##.###.#.#
..............####
#.#####..........##
....%.......###.@)#
#.###)#..###
#.#l#..# #...#.#.
.......g...#
#.#.#r# ###.#.#..#
##...## ##...#r..
....## ... ...K
##..# #.#. ###
##..# ?.## #..#


You could see a hobgoblin, a frilled lizard and a rat.

Vanquished Creatures
  2 ball pythons (D:1)
  A goblin (D:1)
  A hobgoblin (D:1)
  2 kobolds (D:1)
  A quokka (D:1)
  2 bats (D:1)
  2 rats (D:1)
11 creatures vanquished.

Notes
Turn   | Place    | Note
-------+----------+-------------------------------------------
     0 | D:1      | qw the Tengu Warper began the quest for the Orb.
     0 | D:1      | Reached XP level 1. HP: 12/12 MP: 4/4
     0 | D:1      | 0 ||| qw: Version: 0.1-a-89-g26bdef1
     0 | D:1      | 0 ||| qw: Game counter: 2942
     0 | D:1      | 0 ||| qw: Always use a shield: true
     0 | D:1      | 0 ||| qw: God list: Okawaru
     0 | D:1      | 0 ||| qw: Allow faded altars: false
     0 | D:1      | 0 ||| qw: Do Orc after D:15 true
     0 | D:1      | 0 ||| qw: Do second Lair branch before Depths: true
     0 | D:1      | 0 ||| qw: Lair rune preference: random
     0 | D:1      | 0 ||| qw: Plans: Normal
     0 | D:1      | 0 ||| PLANNING D:1-11
    14 | D:1      | 14 ||| Stepping ~*~*~tactically~*~*~ (stealth).
    18 | D:1      | 18 ||| Stepping ~*~*~tactically~*~*~ (stealth).
    27 | D:1      | 27 ||| Stepping ~*~*~tactically~*~*~ (stealth).
    42 | D:1      | 42 ||| Stepping ~*~*~tactically~*~*~ (stealth).
    45 | D:1      | 45 ||| Stepping ~*~*~tactically~*~*~ (stealth).
    46 | D:1      | 46 ||| Stepping ~*~*~tactically~*~*~ (stealth).
    47 | D:1      | 47 ||| Stepping ~*~*~tactically~*~*~ (stealth).
   290 | D:1      | 290 ||| Stepping ~*~*~tactically~*~*~ (stealth).
   295 | D:1      | Reached skill level 3 in Axes
   295 | D:1      | Reached XP level 2. HP: 17/17 MP: 6/6
   301 | D:1      | HP: 4/17 [frilled lizard (3)]
   302 | D:1      | HP: 1/17 [frilled lizard (3)]
   303 | D:1      | Slain by a frilled lizard

Levels and vault maps discovered:
D:1:      eino_arrival_water_cross, layout_loops_ring, minmay_pentomino_v2

Skill      XL: |  1 |
---------------+----+-----
Axes           | 3 |  3.2
Fighting       | |  2.0
Throwing       | |  1.0
Armour         | |  1.1
Dodging        | |  2.1
Spellcasting   | |  2.0
Translocations | |  2.4

Action                   || total
-------------------------++-------
Melee: Hand axe          ||    18
       Kick              ||     3
       Peck              ||     1
Throw: Boomerang         ||     6
Armor: Leather armour    ||     2
Dodge: Dodged            ||     5

Table legend:
 A = Non-vault XP
 B = Vault XP
 C = Vault XP percentage of total XP
 D = Non-vault monster count
 E = Vault monster count
 F = Vault count percentage of total count
                 A         B        C        D         E       F
            +---------+---------+-------+---------+---------+-------
      Total |      13 |       4 |  23.5 |       9 |       2 |  18.2
            +---------+---------+-------+---------+---------+-------
        D:1 |      13 |       4 |  23.5 |       9 |       2 |  18.2
            +---------+---------+-------+---------+---------+-------
